AoeStats
← Gim

Arena

510305907Analyzed
4v4 RM · 1d ago on Sep 30, 2026· 50m 32s· 8 players
Game mode
Random Map
Map size
Large (8 player)
Population
200
Speed
Normal
Resources
Standard
Victory
Conquest
Starting age
Dark Age
Ending age
Imperial Age
RankedLock teamsTeams togetherTeam positionsShared explorationLock speedFull tech treeHidden civsTurbo modeCheats
Victory
Defeat
🇨🇳 Spanish · China
1150
+14
🇨🇳 Celts · China
1138
+15
🇨🇳 Spanish · China
1083
+16
🇨🇳 Japanese · China
1079
+17
🇨🇳 Tatars · China
1121
-16
🇵🇹 Muisca · Portugal
1109
-16
🇩🇪 Hindustanis · Germany
1096
-15
🇩🇪 Romans · Germany
1094
-15
Pablito
10:19 Feudal Age
10:51 Loom
15:16 Castle Age
16:30 Double-Bit Axe
20:52 Fletching
22:37 Padded Archer Armor
36:45 Horse Collar
Huly
8:33 Loom
11:21 Feudal Age
11:29 Feudal Age
14:54 Horse Collar
17:29 Castle Age
16:32 Scale Barding Armor
17:17 Double-Bit Axe
23:23 Grand Trunk Road
23:50 Town Watch
24:27 Bow Saw
24:38 Heavy Plow
25:49 Wheelbarrow
25:51 Gold Mining
27:13 Husbandry
27:31 Bloodlines
27:52 Scale Mail Armor
28:02 Forging
29:13 Chain Barding Armor
30:03 Gold Shaft Mining
29:21 Stone Mining
29:38 Pikeman
30:19 Squires
31:16 Masonry
31:56 Hand Cart
32:27 Fletching
32:37 Padded Archer Armor
32:54 Chain Mail Armor
33:53 Bodkin Arrow
35:46 Iron Casting
34:36 Light Cavalry
39:08 Imperial Age
39:15 Hussar
41:12 Plate Barding Armor
40:50 Onager
42:49 Bracer
43:05 Leather Archer Armor
46:50 Fortified Wall
Libera
10:29 Feudal Age
14:38 Castle Age
13:00 Horse Collar
14:16 Double-Bit Axe
15:59 Bow Saw
18:16 Light Cavalry
21:19 Heavy Plow
23:15 Wheelbarrow
26:10 Man-at-Arms
28:48 Scale Mail Armor
28:44 Gold Mining
28:47 Stone Mining
31:41 Imperial Age
29:33 Hand Cart
29:07 Loom
29:08 Town Watch
29:34 Long Swordsman
30:16 Squires
31:14 Chain Mail Armor
31:11 Forging
32:40 Iron Casting
31:56 Fletching
32:54 Gold Shaft Mining
32:05 Legionary
34:21 Blast Furnace
34:16 Conscription
37:47 Comitatenses
38:33 Elite Centurion
40:45 Scale Barding Armor
41:34 Masonry
42:25 Chemistry
41:50 Chain Barding Armor
43:07 Plate Barding Armor
43:26 Padded Archer Armor
43:22 Bodkin Arrow
43:34 Caravan
44:49 Leather Archer Armor
45:47 Architecture
xiweb
11:14 Feudal Age
11:45 Loom
15:53 Castle Age
14:17 Fletching
23:16 Double-Bit Axe
25:41 Gold Mining
28:34 Bodkin Arrow
30:10 Wheelbarrow
31:09 Ballistics
34:11 Imperial Age
31:49 Town Watch
32:25 Bow Saw
33:10 Hand Cart
33:51 Padded Archer Armor
34:10 Bloodlines
34:01 Husbandry
34:04 Murder Holes
35:18 Bracer
36:22 Chemistry
35:04 Treadmill Crane
36:55 Conscription
39:54 Gold Shaft Mining
39:10 Stone Mining
39:44 Siege Engineers
39:50 Masonry
39:27 Capped Ram
40:22 Light Cavalry
41:14 Forging
41:20 Leather Archer Armor
42:03 Scale Barding Armor
42:34 Iron Casting
42:02 Hussar
46:41 Devotion
46:37 Herbal Medicine
46:56 Guard Tower
46:59 Heavy Cavalry Archer
48:32 Chain Barding Armor
49:13 Blast Furnace
50:16 Plate Barding Armor
50:11 Ring Archer Armor
Gim
9:54 Feudal Age
13:50 Castle Age
12:12 Double-Bit Axe
20:45 Horse Collar
22:33 Wheelbarrow
22:15 Loom
23:11 Gold Mining
23:23 Heavy Plow
24:39 Hand Cart
24:45 Bow Saw
29:09 Imperial Age
27:28 Ballistics
28:56 Stone Mining
29:10 Heavy Scorpion
30:52 Chemistry
30:22 Scale Mail Armor
30:10 Arson
30:20 Pikeman
31:32 Conscription
31:27 Furor Celtica
33:34 Siege Engineers
35:09 Coinage
35:05 Halberdier
36:02 Chain Mail Armor
36:00 Town Watch
39:08 Plate Mail Armor
39:12 Banking
40:02 Town Patrol
40:41 Capped Ram
43:06 Forging
44:10 Elite Woad Raider
45:26 Hoardings
44:55 Stronghold
46:22 Iron Casting
46:21 Masonry
48:00 Siege Ram
48:58 Arson
50:17 Blast Furnace
49:24 Fletching
137@Ark
5:07 Loom
10:36 Feudal Age
16:32 Castle Age
14:53 Stone Mining
15:25 Double-Bit Axe
15:55 Horse Collar
16:55 Gold Mining
21:41 Husbandry
26:38 Bloodlines
29:33 Bow Saw
31:02 Fletching
31:13 Padded Archer Armor
33:06 Leather Archer Armor
32:46 Bodkin Arrow
41:01 Stone Shaft Mining
48:31 Imperial Age
BIGBANG
10:44 Feudal Age
14:29 Castle Age
13:27 Double-Bit Axe
17:45 Gold Mining
19:14 Scale Barding Armor
20:47 Sanctity
20:39 Fervor
28:30 Imperial Age
28:05 Redemption
28:56 Inquisition
29:27 Block Printing
29:38 Illumination
29:48 Theocracy
30:43 Chain Barding Armor
alex950
4:12 Loom
10:14 Feudal Age
10:36 Man-at-Arms
18:20 Wheelbarrow
19:18 Fletching
25:04 Castle Age
23:38 Padded Archer Armor
24:02 Double-Bit Axe
25:15 Crossbowman
25:54 Bodkin Arrow
29:06 Gold Mining
32:57 Horse Collar
39:59 Imperial Age
37:03 Elite Skirmisher
38:13 Bow Saw
38:08 Scale Mail Armor
38:57 Forging
41:36 Chain Mail Armor
41:57 Iron Casting
41:17 Gambesons
41:32 Squires
40:53 Long Swordsman
42:59 Plate Mail Armor
42:38 Two-Handed Swordsman
45:51 Champion
47:38 Blast Furnace
47:05 Elite Samurai
48:06 Conscription
49:24 Bracer
49:21 Pikeman
49:47 Arson
50:20 Hand Cart
Connection lost

Rejoining the realm…

Still unreachable

The connection could not be restored.

Session expired

The server has moved on; the page needs a fresh start.